 Dungeon Crawl Stone Soup version 0.16.1-16-gc44b35d (webtiles) character file.

2109 jacksonaction the Nimble (level 9, -5/59 HPs)
             Began as an Octopode Fighter on Apr 20, 2015.
             Was a Believer of Okawaru.
             Slain by a sky beast (6 damage)
             ... on level 7 of the Dungeon.
             The game lasted 00:24:22 (7297 turns).

jacksonaction the Nimble (Octopode Fighter)         Turns: 7297, Time: 00:24:23

Health: -5/59      AC:  1    Str: 18    XL:     9   Next: 28%
Magic:  12/14      EV: 18    Int: 10    God:    Okawaru [**....]
Gold:   214        SH: 12    Dex: 12    Spells: 0 memorised, 8 levels left

rFire  . . .     SeeInvis .     q - +4 short sword (elec)
rCold  . . .     Clarity  .     c - +0 shield
rNeg   . . .     SustAb   .     (helmet restricted)
rPois  .         Gourm    .     (no amulet)
rElec  .         Spirit   .     (no ring)
rCorr  .         Warding  .     (no ring)
rMut   .         Stasis   .     (no ring)
MR     .....                    (no ring)
Stlth  ++++......               (no ring)
                                (no ring)
                                (no ring)
                                (no ring)

@: heroism, not resistant to hostile enchantments, stealthy
A: almost no armour, amphibious, 8 rings, constrict 8, camouflage 1, gelatinous
body 1
a: Heroism, Renounce Religion


You were on level 7 of the Dungeon.
You worshipped Okawaru.
Okawaru was pleased with you.
You were not hungry.

You visited 1 branch of the dungeon, and saw 7 of its levels.

You collected 214 gold pieces.

Inventory:

Hand weapons
 a - a +0 trident
 q - a +4 short sword of electrocution (weapon)
Missiles
 f - 63 stones
 r - 7 poisoned needles
 v - 6 tomahawks (quivered)
Armour
 c - a +0 shield (worn)
Rods
 k - a +0 rod of ignition (11/11)
   (You found it on level 3 of the Dungeon)
Magical devices
 l - a wand of frost (22)
 x - a wand of flame (16)
Scrolls
 b - 2 scrolls of blinking {unknown}
 h - 5 scrolls of identify {unknown}
 i - a scroll of magic mapping {unknown}
 n - a scroll of teleportation {unknown}
 p - a scroll of noise {unknown}
 u - 2 scrolls of remove curse {unknown}
 y - a scroll of enchant weapon {unknown}
Potions
 e - 2 potions of might
 g - a potion of ambrosia {unknown}
 j - 2 potions of curing {unknown}
 m - 2 potions of restore abilities {unknown}
 o - a potion of magic {unknown}
 w - a potion of poison {unknown}
 z - a potion of haste {unknown}
 A - a potion of berserk rage {unknown}
 E - a potion of brilliance {unknown}
Books
 B - a book of Changes

   Spells                             Type                      Level
   a - Beastly Appendage              Transmutation                1
   b - Sticks to Snakes               Transmutation                2
   c - Spider Form                    Transmutation/Poison         3
   d - Ice Form                       Ice/Transmutation            4
   e - Blade Hands                    Transmutation                5
Comestibles
 d - 2 bread rations
 s - 6 meat rations
 t - 4 fruits
 C - a slice of pizza
 D - 3 chunks of flesh


   Skills:
 - Level 4.4(9.4) Fighting
 - Level 5.1(10.1) Polearms
 + Level 8.6(13.6) Dodging
 + Level 6.5(11.5) Shields
 - Level 3.1 Invocations


You had 8 spell levels left.
You didn't know any spells.

Dungeon Overview and Level Annotations

Branches:
Dungeon (7/15)             Temple (0/1) D:5

Altars:
Gozag
Okawaru
Qazlal
Ru
Sif Muna


Innate Abilities, Weirdness & Mutations

You cannot wear most types of armour.
You are amphibious.
You can wear up to eight rings at the same time.
You can use your tentacles to constrict many enemies at once.
Your skin changes colour to match your surroundings (Stealth).
Your rubbery body absorbs attacks (AC +1).


Message History

The jelly quivers.
You hit the sky beast but do no damage. Your squeeze misses the sky beast.
The sky beast hits you. The sky beast shocks you.
You closely miss the sky beast.
Your tentacle-slap misses the sky beast.
You squeeze the sky beast.
The sky beast is moderately wounded.
The sky beast hits you. The sky beast shocks you.
You closely miss the sky beast.
The sky beast is moderately wounded.
The jelly closely misses you.
The sky beast flickers out of sight!
Deactivating autopickup; reactivate with Ctrl-A.
Something hits you. Something shocks you.
You puncture something! Your squeeze misses something. The jelly hits you.
You are splashed with acid!
The acid burns!
* * * LOW HITPOINT WARNING * * *
Something hits you.
* * * LOW HITPOINT WARNING * * *
Something shocks you.
You die...

.#.......##...#....#
#....
.........###+##....#
#....
.#............#....#
#....
#............+...
#.... ##.###.......#
#.... .....#.......#
#.... ......##...#
#.... ...#..##...#
#.... ..#...@...#
#.... #..{J...#
#.... #.......#
#.... .........#
#.... ...#.......+
#.... . #..#..#.#
#.... #########
#.... #.... #....


You could see a jelly.

Vanquished Creatures
  Prince Ribbit (D:4)
  Edmund (D:7)
  2 sky beasts
  A black bear (D:7)
  3 ogres
  2 scorpions
  2 jellies
  5 killer bees (D:7)
  3 crimson imps (D:5)
  2 orc priests
  Crazy Yiuf (D:5)
  4 hounds
  A giant frog zombie (D:5)
  4 orc wizards
  A centaur skeleton (D:5)
  2 iguanas
  3 worker ants
  Jessica (D:2)
  3 gnolls (D:3)
  6 adders
  A shadow imp (D:5)
  6 worms
  2 adder skeletons (D:6)
  An adder zombie (D:5)
  5 giant geckos
  An ooze (D:1)
  22 orcs
  A bat skeleton (D:4)
  A bat zombie (D:6)
  3 giant cockroaches
  13 hobgoblins
  5 jackals
  2 quokkas
  9 bats
  2 giant newts
  11 goblins
  11 kobolds
  A quokka skeleton (D:5)
  9 rats
154 creatures vanquished.

Notes
Turn   | Place    | Note
--------------------------------------------------------------
     0 | D:1      | jacksonaction, the Octopode Fighter, began the quest for the Orb.
     0 | D:1      | Reached XP level 1. HP: 16/16 MP: 1/1
   216 | D:1      | Reached XP level 2. HP: 21/21 MP: 2/2
   822 | D:2      | Reached skill level 4 in Fighting
   822 | D:2      | Reached XP level 3. HP: 27/27 MP: 3/3
  1180 | D:2      | Noticed Jessica
  1190 | D:2      | Killed Jessica
  1190 | D:2      | Reached XP level 4. HP: 10/34 MP: 4/4
  1406 | D:2      | Found an iron altar of Okawaru.
  1414 | D:2      | Became a worshipper of Warmaster Okawaru
  1969 | D:3      | Found a stormy altar of Qazlal.
  1969 | D:3      | Found an opulent altar of Gozag.
  2038 | D:3      | Reached skill level 1 in Invocations
  2038 | D:3      | Reached XP level 5. HP: 16/38 MP: 5/5
  3356 | D:4      | Noticed an ogre
  3356 | D:4      | Noticed an ogre
  3368 | D:4      | Killed an ogre
  3368 | D:4      | Reached XP level 6. HP: 22/44 MP: 6/8
  3456 | D:4      | Killed an ogre
  3456 | D:4      | Acquired Okawaru's first power
  3544 | D:4      | Reached skill level 5 in Polearms
  3846 | D:4      | Reached XP level 7. HP: 44/49 MP: 11/11
  3903 | D:4      | Noticed Prince Ribbit
  3923 | D:4      | Killed Prince Ribbit
  4195 | D:4      | Found a deep blue altar of Sif Muna.
  4655 | D:4      | Reached skill level 5 in Dodging
  4702 | D:4      | Found a sacrificial altar of Ru.
  4823 | D:5      | Entered Level 5 of the Dungeon
  4868 | D:5      | Reached XP level 8. HP: 54/54 MP: 12/12
  4911 | D:5      | Noticed Crazy Yiuf
  4918 | D:5      | Killed Crazy Yiuf
  5289 | D:5      | Found a staircase to the Ecumenical Temple.
  5312 | D:5      | Reached skill level 6 in Dodging
  5394 | D:5      | Reached skill level 5 in Shields
  5896 | D:5      | Reached skill level 7 in Dodging
  6599 | D:7      | Noticed Edmund
  6608 | D:7      | Reached XP level 9. HP: 34/59 MP: 11/14
  6619 | D:7      | Killed Edmund
  6619 | D:7      | Reached skill level 8 in Dodging
  7297 | D:7      | HP: 1/59 [something (4)]
  7297 | D:7      | Slain by a sky beast

Action                   |  1- 3 |  4- 6 |  7- 9 || total
-------------------------+-------+-------+-------++-------
Melee: Trident           |    61 |   108 |       ||   169
       Short sword       |       |     5 |   181 ||   186
Throw: Stone             |     9 |    68 |    36 ||   113
       Tomahawk          |       |       |     4 ||     4
Invok: Heroism           |       |       |     7 ||     7
  Use: Potion            |       |     1 |       ||     1
 Stab: Sleeping          |     3 |     1 |     4 ||     8
  Eat: Chunk             |       |     9 |    12 ||    21
